 Dungeon Crawl Stone Soup version 0.21.1-1-g345015f (webtiles) character file.

42 inc the Chiller (level 3, 14/14 HPs)
             Began as a Felid Ice Elementalist on Mar 3, 2018.
             Quit the game on level 2 of the Dungeon.
             The game lasted 00:04:05 (2510 turns).

inc the Chiller (Felid Ice Elementalist)            Turns: 2510, Time: 00:04:06

Health: 14/14      AC:  1    Str:  4    XL:     3   Next: 33%
Magic:  7/7        EV: 18    Int: 17    God:
Gold:   65         SH:  0    Dex: 16    Spells: 5/6 levels left
                                        Lives:  0   Deaths: 1

rFire    . . .     SeeInvis +   (weapon unavailable)
rCold    . . .     Gourm    .   (shield unavailable)
rNeg     + . .     Faith    .   (armour unavailable)
rPois    .         Spirit   .   (helmet unavailable)
rElec    .         Reflect  .   (cloak unavailable)
rCorr    .         Harm     .   (gloves unavailable)
MR       .....                  (boots unavailable)
Stlth    +++.......             (no amulet)
HPRegen  0.04/turn              k - ring of positive energy
MPRegen  0.10/turn              (no ring)

@: quick
A: very small, no armour, no weapons or thrown items, stealth, claws 1, fangs 3,
see invisible, carnivore, speed 1, shaggy fur 1, slow metabolism 1, sharp paws
a: no special abilities


You were on level 2 of the Dungeon.
You were not hungry.

You visited 1 branch of the dungeon, and saw 2 of its levels.

You collected 65 gold pieces.

Inventory:

Jewellery
 k - a ring of positive energy (left paw)
Scrolls
 f - a scroll of fear {unknown}
 g - a scroll of magic mapping {unknown}
 h - a scroll of remove curse {unknown}
 i - a scroll of identify {unknown}
Potions
 c - 2 potions of curing {unknown}
 d - a potion of magic {unknown}
 e - a potion of might {unknown}
 j - a potion of ambrosia {unknown}
Books
 a - a book of Frost

   Spells                             Type                      Level
   a - Freeze                         Ice                          1
   b - Throw Frost                    Conjuration/Ice              2
   c - Ozocubu's Armour               Charms/Ice                   3
   d - Throw Icicle                   Conjuration/Ice              4
   e - Summon Ice Beast               Ice/Summoning                4
Comestibles
 b - 2 rations


   Skills:
 - Level 2.6 Dodging
 - Level 2.6 Stealth
 - Level 2.0 Spellcasting
   Level 0.8 Conjurations
 + Level 4.7 Ice Magic


You had 5 spell levels left.
You knew the following spells:

 Your Spells              Type           Power        Failure   Level  Hunger
a - Freeze                Ice            ###.         2%          1    #......


Dungeon Overview and Level Annotations

Branches:
Dungeon (2/15)

Altars:


Innate Abilities, Weirdness & Mutations

You cannot wear armour.
You are incapable of wielding weapons or throwing items.
Your paws allow you to move quietly. (Stealth)
You have sharp claws.
You have razor-sharp teeth.
You have supernaturally acute eyesight. (SInv)
You are carnivorous and can eat meat at any time.
You cover ground quickly.
You are covered in fur. (AC +1)
You have a slow metabolism.
Your sharp claws are effective at attacking unaware monsters.


Message History

The worm is lightly wounded.
Casting: Freeze
Confirm with . or Enter, or press ? or * to list all spells.
Aiming: Freeze
Press: ? - help, Shift-Dir - straight line, f/p - worm
Aim: a worm (lightly wounded)
You freeze the worm.
The worm is heavily wounded.
The worm bites you!
Ouch! That really hurt!
You die...
You are now level 3!
You rejoin the land of the living...
You aren't carrying any pieces of jewellery.
Unknown command.
k - a garnet ring
There are no items here.
Put on which piece of jewellery? (? for menu, Esc to quit)
k - a ring of positive energy (left paw) Are you sure you want to abandon this character and quit the game? (Confirm with "yes".)

..#####.#...### #
...........###
...#####$#.# #
#....##w#.#### #
#.........# #
########w.#.##..#
##........##.# ..#
##......†.###.# ...
#...@......##.# ..
#.(.$.....?##.# #
#..........##.#####.#
#..........##.##...
#..............#.####
##...................
#..........##.##.####
#.............##)#
#..........#..##.#


You could see a worm.

Vanquished Creatures
  A crimson imp (D:2)
  An adder (D:2)
  2 worms
  2 dart slugs
  A leopard gecko (D:1)
  4 bats
  A giant cockroach (D:2)
  4 hobgoblins (D:2)
  2 jackals (D:2)
  4 kobolds
  A frilled lizard (D:2)
  7 goblins
  5 rats
35 creatures vanquished.

Notes
Turn   | Place    | Note
-------+----------+-------------------------------------------
     0 | D:1      | inc the Felid Ice Elementalist began the quest for the Orb.
     0 | D:1      | Reached XP level 1. HP: 7/7 MP: 4/4
   123 | D:1      | Reached skill level 3 in Ice Magic
   269 | D:1      | Reached XP level 2. HP: 11/11 MP: 3/6
   975 | D:2      | Noticed a crimson imp
  1494 | D:2      | Reached skill level 4 in Ice Magic
  1494 | D:2      | Reached XP level 3. HP: 13/14 MP: 2/7
  1518 | D:2      | Reached XP level 4. HP: 8/18 MP: 0/8
  2486 | D:2      | Slain by a worm
  2487 | D:2      | Reached XP level 3. HP: -1/14 MP: 5/7
  2510 | D:2      | Quit the game

Skill      XL: |  1  2 |
---------------+-------+-----
Ice Magic      | 3 4 |  4.7
Dodging        | |  2.6
Stealth        | |  2.6
Spellcasting   | |  2.0
Conjurations   | |  0.8

Action                   |  1- 3 |  4- 6 || total
-------------------------+-------+-------++-------
Melee: Unarmed           |    28 |    19 ||    47
       Bite              |       |     2 ||     2
 Cast: Freeze            |    33 |    25 ||    58
 Stab: Sleeping          |     7 |     2 ||     9
  Eat: Chunk             |       |     7 ||     7
Armor: Skin              |     4 |     4 ||     8
Dodge: Dodged            |    35 |    46 ||    81
